ABL
COLORADO ROCKIES @ CINCINNATI REDS
03/24/2047
 
TOP OF THE 1ST
Colorado Rockies batting - Pitching for Cincinnati Reds : LHP Juan Arredondo
Pitching: LHP Juan Arredondo
Batting: RHB Chris Bride 0-0: Called Strike
0-1: Swinging Strike
0-2: Foul Ball, location: 3F
0-2: Ball
1-2: Ball
2-2: Strikes out looking
Batting: RHB Eric Brown 0-0: Foul Ball, location: 2F
0-1: Ball
1-1: Called Strike
1-2: Ball
2-2: Strikes out swinging
Batting: RHB Steve Childers 0-0: Foul Ball, location: 25F
0-1: Foul Ball, location: 2F
0-2: SOLO HOME RUN (Flyball, 9D, EV 97.5 MPH), Distance : 372 ft
Batting: RHB Kevin Berry 0-0: Ball
1-0: Ball
2-0: Foul Ball, location: 9LSF
2-1: Foul Ball, location: 5F
2-2: Ball
3-2: Base on Balls
Batting: LHB Luis Vela 0-0: SINGLE (Groundball, 34D, EV 97.5 MPH)
Kevin Berry to second
Runner from 2nd tries for 3rd, SAFE, no throw by RF
Batting: RHB Joe Roy 0-0: Swinging Strike
0-1: Called Strike
0-2: Ball
1-2: Foul Ball, location: 23FF
1-2: Foul Ball, location: 2F
1-2: Strikes out swinging
Top of the 1st over - 1 run, 2 hits, 0 errors, 2 left on base; Colorado 1 - Cincinnati 0
BOTTOM OF THE 1ST
Cincinnati Reds batting - Pitching for Colorado Rockies : RHP Shamel Blankson
Pitching: RHP Shamel Blankson
Batting: RHB Jonathan Grollman 0-0: Foul Ball, location: 5FF
0-1: Called Strike
0-2: Ball
1-2: Ball
2-2: DOUBLE (Flyball, 8RXD, EV 97.5 MPH)
Batting: RHB Jimmy Brady 0-0: Ball
1-0: SINGLE (Groundball, 56, EV 107.5 MPH)
Jonathan Grollman to third
Batting: SHB Bob Rains 0-0: Called Strike
0-1: Ball
1-1: Ball
2-1: Ground out 4-3 (Groundball, 34S, EV 80.6 MPH)
Jonathan Grollman scores
Jimmy Brady to second
Batting: RHB Jon Mendosa 0-0: Ball
1-0: Ball
2-0: Swinging Strike
2-1: Foul Ball, location: 2F
2-2: Ball
3-2: Foul Ball, location: 2F
3-2: Base on Balls
Batting: RHB Mike Porreca 0-0: Ball
1-0: Called Strike
1-1: Foul Ball, location: 2F
1-2: Foul Ball, location: 2F
1-2: Strikes out looking
Batting: LHB AntoÕio Oca 0-0: Foul Ball, location: 2RF
0-1: Ball
1-1: Ball
2-1: Foul Ball, location: 2F
2-2: Strikes out swinging
Bottom of the 1st over - 1 run, 2 hits, 0 errors, 2 left on base; Colorado 1 - Cincinnati 1
TOP OF THE 2ND
Colorado Rockies batting - Pitching for Cincinnati Reds : LHP Juan Arredondo
Batting: RHB Juan Turcios 0-0: Foul Ball, location: 5F
0-1: Foul Ball, location: 2F
0-2: Ball
1-2: Strikes out looking
Batting: RHB Jeff Ellis 0-0: Ball
1-0: Ground out U3 (Groundball, 34, EV 94.4 MPH)
Batting: RHB Juan Orozco 0-0: Ball
1-0: Fly out, F9 (Flyball, 89S, EV 91.3 MPH)
Top of the 2nd over - 0 runs, 0 hits, 0 errors, 0 left on base; Colorado 1 - Cincinnati 1
BOTTOM OF THE 2ND
Cincinnati Reds batting - Pitching for Colorado Rockies : RHP Shamel Blankson
Batting: RHB Juan Guerra 0-0: Ball
1-0: Foul Ball, location: 3SF
1-1: DOUBLE (Flyball, 8LXD, EV 97.5 MPH)
Batting: LHB Cory Beale 0-0: Ball
1-0: Called Strike
1-1: Foul Ball, location: 3F
1-2: SINGLE (Groundball, 4S, EV 69.4 MPH) (infield hit)
Juan Guerra to third
Batting: RHB Chris Mader 0-0: Ball
Cory Beale steals 2nd, throwing error, E2
Juan Guerra scores
Cory Beale to third
1-0: Ball
2-0: Called Strike
2-1: Ball
3-1: Foul Ball, location: 9LMF
3-2: Foul Ball, location: 5SF
3-2: Strikes out looking
Batting: RHB Jonathan Grollman 0-0: Ball
1-0: Ball
2-0: Called Strike
2-1: Swinging Strike
2-2: Ball
3-2: Base on Balls
Batting: RHB Jimmy Brady 0-0: SINGLE (Groundball, 4D, EV 97.5 MPH)
Cory Beale scores
Jonathan Grollman to second
Runner from 2nd tries for 3rd, SAFE, no throw by CF
Batting: SHB Bob Rains 0-0: Ball
1-0: Ball
2-0: Called Strike
2-1: Foul Ball, location: 2F
2-2: Ball
3-2: DOUBLE (Flyball, 8RXD, EV 103.8 MPH)
Jonathan Grollman scores
Jimmy Brady to third
Runner from 3rd tries for Home, SAFE, no throw by CF
Pitching: RHP Vin Stone
Batting: RHB Jon Mendosa 0-0: Ball
1-0: Ground out 5-3 (Groundball, 5S, EV 87.5 MPH)
Batting: RHB Mike Porreca 0-0: Ball
1-0: Ground out 6-3 (Groundball, 6, EV 91.9 MPH)
Bottom of the 2nd over - 4 runs, 4 hits, 1 error, 1 left on base; Colorado 1 - Cincinnati 5
TOP OF THE 3RD
Colorado Rockies batting - Pitching for Cincinnati Reds : LHP Juan Arredondo
Batting: RHB Chris Bride 0-0: Ball
1-0: SOLO HOME RUN (Line Drive, 89XD, EV 112.5 MPH), Distance : 429 ft
Batting: RHB Eric Brown 0-0: Ground out 4-3 (Groundball, 4, EV 88.1 MPH)
Batting: RHB Steve Childers 0-0: Ball
1-0: Called Strike
1-1: Fly out, F4 (Line Drive, 4M, EV 68.1 MPH)
Batting: RHB Kevin Berry 0-0: Ball
1-0: Ball
2-0: Ball
3-0: Called Strike
3-1: Foul Ball, location: 3F
3-2: Strikes out swinging
Top of the 3rd over - 1 run, 1 hit, 0 errors, 0 left on base; Colorado 2 - Cincinnati 5
BOTTOM OF THE 3RD
Cincinnati Reds batting - Pitching for Colorado Rockies : RHP Vin Stone
Batting: LHB AntoÕio Oca 0-0: Ball
1-0: Ball
2-0: Ball
3-0: Called Strike
3-1: SINGLE (Groundball, 4MD, EV 108.8 MPH)
Batting: RHB Juan Guerra 0-0: Swinging Strike
0-1: Grounds into double play, 4-6-3 (Groundball, 4M, EV 106.3 MPH)
Batting: LHB Cory Beale 0-0: Called Strike
0-1: Swinging Strike
0-2: Ball
1-2: Strikes out swinging
Bottom of the 3rd over - 0 runs, 1 hit, 0 errors, 0 left on base; Colorado 2 - Cincinnati 5
TOP OF THE 4TH
Colorado Rockies batting - Pitching for Cincinnati Reds : LHP Juan Arredondo
Batting: LHB Luis Vela 0-0: Ball
1-0: Called Strike
1-1: Ball
2-1: Foul Ball, location: 2F
2-2: Ball
3-2: Ground out 4-3 (Groundball, 4, EV 103.8 MPH)
Batting: RHB Joe Roy 0-0: Swinging Strike
0-1: Foul Ball, location: 2F
0-2: Ball
1-2: Ball
2-2: Foul Ball, location: 2F
2-2: SOLO HOME RUN (Flyball, 9LD, EV 95.0 MPH), Distance : 355 ft
Batting: RHB Juan Turcios 0-0: Ball
1-0: Called Strike
1-1: Foul Ball, location: 2F
1-2: Fly out, F9 (Flyball, 89M, EV 95.0 MPH)
Batting: RHB Jeff Ellis 0-0: Ball
1-0: Swinging Strike
1-1: Ball
2-1: Foul Ball, location: 2F
2-2: Strikes out looking
Top of the 4th over - 1 run, 1 hit, 0 errors, 0 left on base; Colorado 3 - Cincinnati 5
BOTTOM OF THE 4TH
Cincinnati Reds batting - Pitching for Colorado Rockies : RHP Vin Stone
Pitching: RHP Jake Woodard
Batting: RHB Chris Mader 0-0: SINGLE (Groundball, 3D, EV 96.3 MPH)
Batting: RHB Jonathan Grollman 0-0: Ball
1-0: Foul Ball, location: 7LMF
1-1: Swinging Strike
1-2: Ball
2-2: Foul Ball, location: 9LDF
2-2: SINGLE (Flyball, 3D, EV 84.4 MPH)
Chris Mader to second
Runner from 2nd tries for 3rd, SAFE, no throw by RF
Batting: RHB Jimmy Brady 0-0: Foul Ball, location: 9LDF
0-1: Foul Ball, location: 2F
0-2: Fielders Choice at 2nd, 5-4 (Groundball, 56, EV 91.9 MPH)
Chris Mader scores
Batting: SHB Bob Rains 0-0: Swinging Strike
0-1: Swinging Strike
0-2: Foul Ball, location: 25FF
0-2: Ball
1-2: Strikes out swinging
Batting: RHB Jon Mendosa 0-0: Ball
1-0: Called Strike
1-1: Called Strike
1-2: Foul Ball, location: 3FF
1-2: Strikes out swinging
Bottom of the 4th over - 1 run, 2 hits, 0 errors, 1 left on base; Colorado 3 - Cincinnati 6
TOP OF THE 5TH
Colorado Rockies batting - Pitching for Cincinnati Reds : LHP Juan Arredondo
Pitching: LHP Juan Landa
Now at 3B: Nate Valadez
Now in LF: Steve Schneider
Now in RF: Jonathan Grollman
Batting: RHB Juan Orozco 0-0: SINGLE (Flyball, 3D, EV 91.3 MPH)
Batting: RHB Chris Bride 0-0: Foul Ball, location: 23FF
0-1: Called Strike
0-2: Ball
1-2: Ball
2-2: Strikes out swinging
Batting: RHB Eric Brown 0-0: Ball
1-0: SINGLE (Line Drive, 9LS, EV 97.5 MPH)
Juan Orozco to second
Pinch Hitting: RHB Dusty Biggert 0-0: Ball
1-0: Fly out, F3 (Popup, 23F, EV 85.0 MPH)
Batting: LHB Ernesto Rivera 0-0: Ball
1-0: Ball
2-0: Foul Ball, location: 9LSF
2-1: SINGLE (Groundball, 13, EV 73.8 MPH) (infield hit)
Juan Orozco to third
Eric Brown to second
Batting: LHB Luis Vela 0-0: Fielders Choice at 2nd, 5-4 (Groundball, 56, EV 86.9 MPH)
Top of the 5th over - 0 runs, 3 hits, 0 errors, 3 left on base; Colorado 3 - Cincinnati 6
BOTTOM OF THE 5TH
Cincinnati Reds batting - Pitching for Colorado Rockies : RHP Jake Woodard
Now at 1B: Dusty Biggert
Now at 3B: Bobby Cave
Now at SS: Josh Metz
Now in CF: DeMario Porras
Batting: RHB Mike Porreca 0-0: Foul Ball, location: 25F
0-1: Ball
1-1: Called Strike
1-2: Ball
2-2: Ball
3-2: Strikes out looking
Batting: SHB Nate Valadez 0-0: SINGLE (Line Drive, 4D, EV 98.8 MPH)
Batting: RHB Juan Guerra 0-0: Ball
1-0: Swinging Strike
1-1: Ball
2-1: Ball
3-1: Foul Ball, location: 3F
3-2: Strikes out swinging
Nate Valadez is caught stealing 2nd base 2-4
Batter strikes out.
Bottom of the 5th over - 0 runs, 1 hit, 0 errors, 0 left on base; Colorado 3 - Cincinnati 6
TOP OF THE 6TH
Colorado Rockies batting - Pitching for Cincinnati Reds : LHP Juan Landa
Pitching: RHP Jim Nielsen
Now at C: Andy Buie
Now at SS: Luis Aguilar
Pinch Hitting: LHB Chris Hopkins 0-0: Ball
1-0: Ball
2-0: Called Strike
2-1: Foul Ball, location: 25F
2-2: Fly out, F8 (Line Drive, 8LD, EV 106.3 MPH)
Pinch Hitting: LHB Jared Feik 0-0: Ball
1-0: Called Strike
1-1: Ball
2-1: Ground out U3 (Groundball, 34S, EV 85.0 MPH)
Batting: RHB Bobby Cave 0-0: Called Strike
0-1: Ball
1-1: Foul Ball, location: 2F
1-2: Foul Ball, location: 9LSFF
1-2: Ground out 6-3 (Groundball, 6, EV 86.3 MPH)
Top of the 6th over - 0 runs, 0 hits, 0 errors, 0 left on base; Colorado 3 - Cincinnati 6
BOTTOM OF THE 6TH
Cincinnati Reds batting - Pitching for Colorado Rockies : RHP Jake Woodard
Pitching: RHP Nate Eifler
Now in LF: Chris Hopkins
Now in RF: Jared Feik
Batting: LHB Cory Beale 0-0: Ball
1-0: Called Strike
1-1: Ball
2-1: Swinging Strike
2-2: Ground out U3 (Groundball, 3S, EV 70.0 MPH)
Batting: RHB Luis Aguilar 0-0: Foul Ball, location: 2F
0-1: Foul Ball, location: 25F
0-2: Foul Ball, location: 7LMFF
0-2: Ground out 4-3 (Groundball, 4S, EV 81.9 MPH)
Batting: RHB Jonathan Grollman 0-0: Ball
1-0: Ball
2-0: Foul Ball, location: 2F
2-1: Swinging Strike
2-2: Strikes out swinging
Bottom of the 6th over - 0 runs, 0 hits, 0 errors, 0 left on base; Colorado 3 - Cincinnati 6
TOP OF THE 7TH
Colorado Rockies batting - Pitching for Cincinnati Reds : RHP Jim Nielsen
Pitching: LHP Ben Monahan
Batting: RHB Juan Orozco 0-0: Called Strike
0-1: Foul Ball, location: 25F
0-2: SINGLE (Line Drive, 78S, EV 101.9 MPH)
Batting: RHB Chris Bride 0-0: Ball
1-0: Called Strike
1-1: DOUBLE (Line Drive, 78D, EV 95.0 MPH)
Juan Orozco to third
Pinch Hitting: RHB Luis Serrano 0-0: Called Strike
0-1: Ball
1-1: Ball
2-1: Ball
3-1: Swinging Strike
3-2: Base on Balls
Batting: RHB Dusty Biggert 0-0: Called Strike
0-1: Ball
1-1: SINGLE (Line Drive, 9S, EV 86.9 MPH)
Juan Orozco scores
Chris Bride to third
Luis Serrano to second
Batting: LHB Ernesto Rivera 0-0: Foul Ball, location: 5F
0-1: Foul Ball, location: 2F
0-2: Ball
1-2: Ball
2-2: Ball
3-2: SINGLE (Groundball, 6MD, EV 97.5 MPH)
Chris Bride scores
Luis Serrano to third
Dusty Biggert to second
Runner from 3rd tries for Home, SAFE, throw by CF to home
Pitching: RHP Jon Koban
Batting: RHB Josh Metz 0-0: Ball
1-0: Called Strike
1-1: Ball
2-1: Foul Ball, location: 9LDF
2-2: Strikes out swinging
Batting: LHB Chris Hopkins 0-0: Ball
1-0: Called Strike
1-1: Foul Ball, location: 2F
1-2: Strikes out swinging
Batting: LHB Jared Feik 0-0: Foul Ball, location: 2F
0-1: Foul Ball, location: 3F
0-2: Foul Ball, location: 3F
0-2: Ball
1-2: Strikes out swinging
Top of the 7th over - 3 runs, 4 hits, 0 errors, 2 left on base; Colorado 6 - Cincinnati 6
BOTTOM OF THE 7TH
Cincinnati Reds batting - Pitching for Colorado Rockies : RHP Nate Eifler
Pitching: RHP Sergio Delgado
Now in LF: Shamar Cabbil
Now in CF: Chris Hopkins
Batting: RHB Jimmy Brady 0-0: Foul Ball, location: 23FF
0-1: Foul Ball, location: 5F
0-2: Fly out, F8 (Flyball, 8RD, EV 100.6 MPH)
Batting: LHB Steve Schneider 0-0: Called Strike
0-1: Swinging Strike
0-2: Ball
1-2: Foul Ball, location: 9LMF
1-2: Strikes out swinging
Batting: RHB Jon Mendosa 0-0: Ball
1-0: Called Strike
1-1: Foul Ball, location: 23F
1-2: Strikes out swinging
Bottom of the 7th over - 0 runs, 0 hits, 0 errors, 0 left on base; Colorado 6 - Cincinnati 6
TOP OF THE 8TH
Colorado Rockies batting - Pitching for Cincinnati Reds : RHP Jon Koban
Pitching: RHP Juan Aguilar
Batting: RHB Bobby Cave 0-0: Ball
1-0: Called Strike
1-1: Foul Ball, location: 2LF
1-2: Fly out, F9 (Flyball, 89S, EV 89.4 MPH)
Batting: RHB Juan Orozco 0-0: Foul Ball, location: 9LSF
0-1: Ball
1-1: Swinging Strike
1-2: Strikes out looking
Batting: RHB Chris Bride 0-0: Called Strike
0-1: Foul Ball, location: 3F
0-2: Ball
1-2: Ball
2-2: Ball
3-2: Foul Ball, location: 2F
3-2: Ground out 6-3 (Groundball, 6, EV 94.4 MPH)
Top of the 8th over - 0 runs, 0 hits, 0 errors, 0 left on base; Colorado 6 - Cincinnati 6
BOTTOM OF THE 8TH
Cincinnati Reds batting - Pitching for Colorado Rockies : RHP Sergio Delgado
Pitching: LHP Nehemiah Sturrup
Batting: RHB Mike Porreca 0-0: Called Strike
0-1: Called Strike
0-2: Ball
1-2: Strikes out swinging
Batting: SHB Nate Valadez 0-0: Ball
1-0: Swinging Strike
1-1: Ball
2-1: Foul Ball, location: 2F
2-2: Ball
3-2: Ground out 5-3 (Groundball, 5S, EV 88.1 MPH)
Batting: RHB Andy Buie 0-0: Foul Ball, location: 9LSF
0-1: Ball
1-1: Ground out 6-3 (Groundball, 6M, EV 80.0 MPH)
Bottom of the 8th over - 0 runs, 0 hits, 0 errors, 0 left on base; Colorado 6 - Cincinnati 6
TOP OF THE 9TH
Colorado Rockies batting - Pitching for Cincinnati Reds : RHP Juan Aguilar
Pitching: LHP Harland Snelgrove
Batting: SHB Shamar Cabbil 0-0: Called Strike
0-1: Ball
1-1: Foul Ball, location: 9LSF
1-2: Ball
2-2: Ball
3-2: Foul Ball, location: 3F
3-2: Foul Ball, location: 2F
3-2: Foul Ball, location: 2F
3-2: Strikes out swinging
Batting: RHB Dusty Biggert 0-0: Called Strike
0-1: Swinging Strike
0-2: Foul Ball, location: 9LSF
0-2: Ball
1-2: Foul Ball, location: 9LSF
1-2: Ball
2-2: Strikes out swinging
Batting: LHB Mike Leedom 0-0: Called Strike
0-1: Ball
1-1: Ground out 5-3 (Groundball, 56, EV 85.0 MPH)
Top of the 9th over - 0 runs, 0 hits, 0 errors, 0 left on base; Colorado 6 - Cincinnati 6
BOTTOM OF THE 9TH
Cincinnati Reds batting - Pitching for Colorado Rockies : LHP Nehemiah Sturrup
Pitching: RHP Dan Boyd
Batting: LHB Cory Beale 0-0: Ball
1-0: Ground out 4-3 (Groundball, 4S, EV 86.3 MPH)
Batting: RHB Luis Aguilar 0-0: Foul Ball, location: 9LDF
0-1: Ball
1-1: Foul Ball, location: 9LDF
1-2: Ball
2-2: Ball
3-2: Base on Balls
Batting: RHB Jonathan Grollman 0-0: Ball
1-0: Called Strike
1-1: SINGLE (Line Drive, 78M, EV 97.5 MPH)
Luis Aguilar to second
Batting: RHB Jimmy Brady 0-0: Ball
1-0: Ball
2-0: Ball
3-0: Base on Balls
Luis Aguilar to third
Jonathan Grollman to second
Batting: LHB Steve Schneider 0-0: Ball
1-0: Called Strike
1-1: Ball
2-1: Foul Ball, location: 5SF
2-2: Ball
3-2: Base on Balls
Luis Aguilar scores
Jonathan Grollman to third
Jimmy Brady to second
Bottom of the 9th over - 1 run, 1 hit, 0 errors, 3 left on base; Colorado 6 - Cincinnati 7
Tuesday, March 12th , 2024 - OOTP Baseball 24.11 Build 85